 Dungeon Crawl Stone Soup version 0.28-a0-533-g9f97627e2a (webtiles) character file.

Game seed: 1367298958592867330

207 omnomnOMINOUS the Ducker (level 5, 0/39 HPs)
             Began as an Octopode Wanderer on Sept 25, 2021.
             Slain by Ijyb (4 damage)
             ... on level 3 of the Dungeon.
             The game lasted 00:07:04 (3513 turns).

omnomnOMINOUS the Ducker (Octopode Wanderer)        Turns: 3513, Time: 00:07:04

Health: 0/39       AC:  1    Str: 14    XL:     5   Next: 85%
Magic:  5/5        EV: 14    Int: 13    God:
Gold:   232        SH:  0    Dex: 11    Spells: 3/4 levels left

rFire   . . .      SeeInvis .   a - +2 quarterstaff
rCold   . . .      Faith    .   (shield currently unavailable)
rNeg    . . .      Spirit   .   (helmet restricted)
rPois   .          Reflect  .   (no amulet)
rElec   .          Harm     .   o - ring of flight
rCorr   .          Rampage  .   (no ring)
Will    .....                   (no ring)
Stlth   +++.......              (no ring)
HPRegen 0.13/turn               (no ring)
MPRegen 0.09/turn               (no ring)
                                (no ring)
                                (no ring)

@: flying
A: almost no armour, amphibious, 8 rings, camouflage 1, gelatinous body 1,
(nimble swimmer 1), tentacles
a: no special abilities


You were on level 3 of the Dungeon.
You visited 1 branch of the dungeon, and saw 4 of its levels.

You collected 232 gold pieces.

Inventory:

Hand Weapons
 a - a +2 quarterstaff (weapon)
 b - a +0 shortbow
 c - a +0 trident
 d - a +0 vorpal flail
 f - a +0 dagger
 g - a +1 short sword of flaming
 h - a +1 dagger of protection
 k - a +0 vampiric hand axe
Missiles
 e - 41 arrows
Jewellery
 o - a ring of flight (left tentacle)
Wands
 p - a wand of iceblast (9)
 q - a wand of flame (20)
Scrolls
 j - a scroll of fog {unknown}
 l - 3 scrolls of teleportation {unknown}
 m - 2 scrolls of identify {unknown}
 n - 2 scrolls of noise {unknown}
 s - a scroll of enchant weapon {unknown}
 v - a scroll of enchant armour {unknown}
 w - a scroll of amnesia {unknown}
Potions
 i - a potion of curing {unknown}
 r - a potion of haste
 t - a potion of mutation {unknown}
 u - 2 potions of ambrosia {unknown}


   Skills:
 + Level 5.2 Fighting
 - Level 1.0 Staves
 - Level 1.0 Bows
 + Level 5.2 Dodging
 - Level 4.0 Stealth


You had 3 spell levels left.
You knew the following spells:

 Your Spells              Type           Power      Damage    Failure   Level
a - Apportation           Tloc           0%         N/A       30%         1

Your spell library contained the following spells:

 Spells                   Type           Power      Damage    Failure   Level
 Animate Skeleton         Necr           0%         N/A       30%         1
 Summon Small Mammal      Summ           0%         N/A       30%         1


Dungeon Overview and Level Annotations

Branches:
Dungeon (4/15)
 Temple: D:4-7

Altars:

Shops:
D:4 [

Annotations:
D:3 Ijyb


Innate Abilities, Weirdness & Mutations

You cannot wear most types of armour.
You are amphibious.
You can wear up to eight rings at the same time.
Your skin changes colour to match your surroundings (Stealth+).
Your rubbery body absorbs attacks. (AC +1, EV +1)
((You are camouflaged near water. (Stealth+)))
You have tentacles for arms and can constrict up to eight enemies at once.


Message History

You kill the iguana!
The ball python bites you but does no damage.
The ball python grabs you. The ball python constricts you.
You hit the ball python.
You kill the ball python!
You closely miss the goblin. You grab the goblin. You constrict the goblin.
The goblin closely misses you. The goblin hits you but does no damage.
You hit the goblin.
You kill the goblin!
No target in view!
Things that are here:
a +0 dagger; a ball python corpse Ijyb zaps a wand.
The mass of ice explodes!
The iceblast engulfs you!
Found a stone staircase leading up.
You see here a wand of mindburst (9).
Ijyb grins evilly.
Ijyb closely misses you.
An endoplasm comes into view.
You hit Ijyb. Your grab misses Ijyb. Your squeeze misses Ijyb.
Ijyb is lightly wounded.
Ijyb hits you with a +0 club. x2
You hit Ijyb. You grab Ijyb. You squeeze Ijyb.
Ijyb is moderately wounded.
You constrict Ijyb, but do no damage.
A hobgoblin comes into view.
Ijyb hits you with a +0 club.
* * * LOW HITPOINT WARNING * * *
You sock Ijyb! You squeeze Ijyb.
Ijyb is severely wounded.
You constrict Ijyb, but do no damage. Ijyb hits you with a +0 club.
* * * LOW HITPOINT WARNING * * *
Okay, then.
Unknown command.
You hit Ijyb but do no damage.
Ijyb is severely wounded.
You constrict Ijyb. Ijyb misses you.
You hit Ijyb. Your squeeze misses Ijyb.
Ijyb is almost dead.
You constrict Ijyb. Ijyb hits you with a +0 club.
You die...

.......### #. ......>..#
#.###### #####....# #......#
#....###......#########
#....#........†.#.....##
#..(.#.##.....)........## #
#...g#............>.....# #
#.......................# #
#..:.....g..g@./.........# ##
#..........J.............# ..
#........................#
##.?............)...........#
#....#.....................##
....##....................##
.##. ........$.......######
## ..<....#....# #


You could see Ijyb, an endoplasm and a hobgoblin.

Vanquished Creatures
  An orc priest (D:3)
  An iguana (D:3)
  An orc wizard (D:3)
  A gnoll (D:1)
  2 adder skeletons (D:4)
  2 worms (D:3)
  3 dart slugs
  12 orcs
  10 ball pythons
  5 endoplasms
  3 giant cockroaches
  11 hobgoblins
  10 kobolds
  A quokka (D:1)
  5 bats
  5 frilled lizards (D:1)
  7 goblins
  5 rats
85 creatures vanquished.

Notes
Turn   | Place    | Note
-------+----------+-------------------------------------------
     0 | D:1      | omnomnOMINOUS the Octopode Wanderer began the quest for the
                  | Orb.
     0 | D:1      | omnomnOMINOUS set off with the following items: a +2
                  | quarterstaff, a +0 hand crossbow, 27 bolts, a +0 shortbow,
                  | 20 arrows, a +0 dagger
     0 | D:1      | Reached XP level 1. HP: 18/18 MP: 1/1
   146 | D:1      | Reached skill level 1 in Dodging
   146 | D:1      | Reached XP level 2. HP: 10/24 MP: 2/2
   532 | D:1      | Reached XP level 3. HP: 29/29 MP: 3/3
  1419 | D:2      | Reached XP level 4. HP: 25/35 MP: 4/4
  2266 | D:3      | Reached XP level 5. HP: 27/39 MP: 5/5
  2486 | D:3      | Noticed Ijyb
  2687 | D:4      | Reached skill level 5 in Dodging
  2689 | D:4      | Learned a level 1 spell: Apportation
  3256 | D:4      | Found Gagugij's Antique Armour Shoppe.
  3513 | D:3      | Slain by Ijyb

Illustrated notes

Levels and vault maps discovered:
D:1:      tarquinn_simple_flora_water_e, layout_basic
D:2:      layout_rooms
D:3:      layout_rooms, uniq_robin, uniq_ijyb
D:4:      layout_rooms, serial_shops, nicolae_lakefront_shop,
          grunt_ministairs_15, chequers_serial_rivers_small_a,
          dk_noncrumbling_4, columned_hall_lemuel, wad_orctagon

Skill      XL: |  1  2  3  4  5 |
---------------+----------------+-----
Dodging        | 1 2 3 4 5 |  5.2
Fighting       | |  5.2
Staves         | |  1.0
Bows           | |  1.0
Stealth        | |  4.0

Action                   |  1- 3 |  4- 6 || total
-------------------------+-------+-------++-------
Melee: Quarterstaff      |    59 |    83 ||   142
       Tentacles         |     9 |    15 ||    24
       Constrict         |    15 |    20 ||    35
  Use: Potion            |       |     3 ||     3
 Stab: Sleeping          |    13 |    10 ||    23
       Invisible         |       |     1 ||     1
Armor: Skin              |     3 |     8 ||    11
Dodge: Dodged            |    28 |    44 ||    72

Table legend: (Time is in decaauts)
 A = Elapsed time spent in this place.
 B = Non-inter-level travel time spent in this place.
 C = Inter-level travel time spent in this place.
 D = Time resting spent in this place.
 E = Time spent auto-exploring this place.
 F = Levels seen in this place.
 G = Mean time per level.
                   A        B        C        D        E       F      G
               +--------+--------+--------+--------+--------+-----+--------+
         Total |   3547 |   3427 |    120 |    621 |   2156 |   4 |  886.8 |
       Dungeon |   3547 |   3427 |    120 |    621 |   2156 |   4 |  886.8 |
               +--------+--------+--------+--------+--------+-----+--------+

Top non-repeatable levels by time:
     D:1: 1355 daAuts
     D:4: 998 daAuts
     D:2: 695 daAuts
     D:3: 497 daAuts
